AoeStats
← Rey de Copas

Arena

510404679Analyzed
4v4 RM · 21h ago on Sep 30, 2026· 42m 2s· 8 players
Game mode
Random Map
Map size
Large (8 player)
Population
200
Speed
Normal
Resources
Standard
Victory
Conquest
Starting age
Dark Age
Ending age
Imperial Age
RankedLock teamsTeams togetherTeam positionsShared explorationLock speedFull tech treeHidden civsTurbo modeCheats
Victory
Defeat
🇨🇳 Jurchens · China
1206
+12
🇺🇸 Malians · United States
1179
+13
🇺🇸 Hindustanis · United States
1165
+13
🇺🇸 Spanish · United States
1049
+18
🇺🇸 Armenians · United States
1120
-15
🇲🇽 Tatars · Mexico
1116
-14
🇩🇪 Bohemians · Germany
1094
-14
🇨🇦 Danes · Canada
1090
-13
Brazy_Boy4
0:45 Loom
11:33 Feudal Age
11:58 Double-Bit Axe
18:22 Castle Age
18:59 Horse Collar
19:18 Elite Skirmisher
21:49 Wheelbarrow
22:31 Fletching
24:22 Padded Archer Armor
25:00 Ballistics
25:19 Bow Saw
32:32 Imperial Age
30:54 Stone Mining
31:28 Hand Cart
32:07 Bodkin Arrow
Rey de Copas
10:49 Feudal Age
14:41 Castle Age
13:02 Double-Bit Axe
13:03 Horse Collar
30:30 Imperial Age
28:54 Bloodlines
28:47 Husbandry
28:43 Fletching
29:08 Silk Armor
30:46 Forging
30:41 Scale Barding Armor
32:12 Iron Casting
32:55 Chain Barding Armor
35:58 Conscription
Bifbatz
10:43 Feudal Age
8:59 Loom
11:31 Horse Collar
15:48 Castle Age
14:19 Double-Bit Axe
16:03 Wheelbarrow
17:09 Fervor
17:57 Bow Saw
22:11 Heavy Plow
28:06 Imperial Age
27:45 Chemistry
28:29 Ballistics
28:21 Fortified Wall
29:05 Hand Cart
28:35 Town Watch
28:54 Fletching
29:05 Padded Archer Armor
29:04 Murder Holes
29:49 Elite Skirmisher
31:09 Conscription
32:38 Wagenburg Tactics
32:33 Pikeman
32:59 Arson
33:14 Squires
33:12 Bodkin Arrow
33:32 Leather Archer Armor
37:10 Halberdier
38:18 Scale Mail Armor
38:28 Forging
38:19 Bracer
38:34 Leather Archer Armor
40:47 Elite Hussite Wagon
vince.dion123
10:54 Feudal Age
14:50 Castle Age
12:37 Double-Bit Axe
13:34 Loom
13:36 Horse Collar
30:04 Imperial Age
28:02 Gold Mining
29:47 Gold Shaft Mining
30:55 Scale Mail Armor
32:43 Bow Saw
32:44 Stone Mining
32:39 Onager
36:54 Wheelbarrow
36:08 Town Watch
36:16 Fletching
shabolobodingdong
10:49 Feudal Age
17:08 Castle Age
16:51 Double-Bit Axe
16:51 Horse Collar
17:05 Stone Mining
20:49 Padded Archer Armor
23:37 Gold Mining
29:29 Imperial Age
27:32 Loom
28:27 Wheelbarrow
29:06 Leather Archer Armor
30:56 Ring Archer Armor
30:51 Hand Cart
30:52 Bow Saw
31:19 Stone Shaft Mining
30:47 Heavy Plow
30:58 Husbandry
31:08 Bloodlines
31:47 Conscription
39:26 Elite Conquistador
Sir Penjamin Danklin II
9:39 Feudal Age
14:23 Castle Age
12:53 Double-Bit Axe
13:44 Horse Collar
15:21 Bow Saw
15:57 Heavy Plow
21:06 Wheelbarrow
22:10 Gold Mining
23:52 Gold Shaft Mining
23:32 Loom
24:37 Hand Cart
25:20 Stone Mining
28:18 Imperial Age
26:14 Bloodlines
26:04 Husbandry
26:11 Scale Barding Armor
26:16 Forging
26:16 Town Watch
27:04 Forging
27:57 Town Patrol
28:31 Chain Barding Armor
28:46 Iron Casting
29:13 Iron Casting
28:38 Heavy Camel Rider
31:58 Chemistry
31:22 Imperial Camel Rider
34:10 Two-Man Saw
34:50 Blast Furnace
36:17 Light Cavalry
40:00 Hussar
41:17 Plate Barding Armor
La Hire
9:40 Feudal Age
10:28 Double-Bit Axe
13:58 Castle Age
12:11 Horse Collar
15:22 Bow Saw
16:33 Wheelbarrow
17:36 Loom
20:42 Heavy Plow
21:41 Hand Cart
25:22 Scale Barding Armor
25:28 Forging
28:59 Imperial Age
26:32 Gold Mining
26:33 Stone Mining
28:45 Gold Shaft Mining
28:42 Chain Barding Armor
28:57 Iron Casting
28:41 Devotion
29:14 Siege Engineers
29:58 Bloodlines
29:49 Husbandry
30:20 Conscription
30:38 Plate Barding Armor
30:37 Masonry
31:19 Stone Shaft Mining
30:22 Elite Steppe Lancer
32:59 Blast Furnace
33:04 Chemistry
33:09 Padded Archer Armor
33:23 Light Cavalry
34:05 Fletching
34:49 Hussar
41:06 Thunderclap Bombs
41:31 Hoardings
SmokeyDaBear
9:55 Feudal Age
14:14 Castle Age
13:22 Double-Bit Axe
13:25 Horse Collar
16:49 Bow Saw
22:23 Scale Mail Armor
28:35 Loom
29:36 Wheelbarrow
32:27 Imperial Age
31:46 Arson
32:01 Squires
32:49 Capped Ram
33:38 Elite Gbeto
36:02 Chain Mail Armor
35:57 Forging
38:28 Conscription
39:23 Hand Cart
39:42 Plate Mail Armor
39:57 Iron Casting
40:58 Heavy Plow
Connection lost

Rejoining the realm…

Still unreachable

The connection could not be restored.

Session expired

The server has moved on; the page needs a fresh start.